 Dungeon Crawl Stone Soup version 0.28-a0-802-g09f76e8c00 (webtiles) character file.

Game seed: 14648438618825589781

16902 vurker the Thaumaturge (level 11, -3/92 HPs)
             Began as a Demigod Air Elementalist on Nov 6, 2021.
             Slain by Snorg (15 damage)
             ... on level 11 of the Dungeon.
             The game lasted 00:26:51 (22734 turns).

vurker the Thaumaturge (Demigod Air Elementalist)  Turns: 22734, Time: 00:26:52

Health: -3/92      AC: 12    Str:  9    XL:     11   Next: 85%
Magic:  20/29      EV: 12    Int: 29    God:
Gold:   723        SH:  5    Dex: 16    Spells: 16/30 levels left

rFire   + . .      SeeInvis .   r - +3 dagger (speed)
rCold   + . .      Faith    .   w - +0 buckler
rNeg    . . .      Spirit   .   i - +2 robe {rF+}
rPois   +          Reflect  .   (no helmet)
rElec   .          Harm     .   l - +0 cloak
rCorr   .          Rampage  .   (no gloves)
Will    +....                   j - +2 pair of boots {Stlth+}
Stlth   +++.......              d - amulet of Kivyrube {Acrobat rPois Dex+2}
HPRegen 0.25/turn               c - +4 ring of protection
MPRegen 0.21/turn               a - ring of protection from cold

@: mighty, very slightly contaminated, studying Maces & Flails
A: high mp 1, forlorn
a: no special abilities


You were on level 11 of the Dungeon.
You visited 1 branch of the dungeon, and saw 11 of its levels.

You collected 723 gold pieces.

Inventory:

Hand Weapons
 r - a +3 dagger of speed (weapon)
   (You took it off an orc wizard on level 8 of the Dungeon)
Armour
 i - a +2 robe of fire resistance (worn)
   (You found it on level 9 of the Dungeon)
 j - a +2 pair of boots of stealth (worn)
   (You acquired it on level 11 of the Dungeon)
 l - a +0 cloak (worn)
   (You took it off Maurice on level 11 of the Dungeon)
 w - a +0 buckler (worn)
   (You found it on level 9 of the Dungeon)
Jewellery
 a - a ring of protection from cold (right hand)
   (You found it on level 6 of the Dungeon)
 c - a +4 ring of protection (left hand)
   (You found it on level 1 of the Dungeon)
 d - the amulet of Kivyrube (around neck) {Acrobat rPois Dex+2}
   (You found it on level 9 of the Dungeon)

   [amulet of the acrobat]

   It increases your evasion while moving and waiting.
   Dex:       It affects your dexterity (+2).
   rPois:     It protects you from poison.
 m - a ring of ice
   (You found it on level 4 of the Dungeon)
 s - the ring of Light {*Corrode Fly Int+6 SInv}
   (You took it off a centaur warrior on level 9 of the Dungeon)

   [ring of intelligence]

   Int:       It affects your intelligence (+6).
   SInv:      It lets you see invisible.
   Fly:       It grants you flight.
   *Corrode:  It may corrode you when you take damage.
 v - the ring of Amompioteug {rElec rF+++ rC- SInv Stlth+}
   (You took it off a centaur warrior on level 9 of the Dungeon)

   [ring of see invisible]

   rF:        It renders you almost immune to fire.
   rC:        It makes you vulnerable to cold.
   rElec:     It insulates you from electricity.
   SInv:      It lets you see invisible.
   Stlth:     It makes you more stealthy.
 y - the ring "Maexidiemp" {Fire Int+2 SInv Stlth+}
   (You found it on level 9 of the Dungeon)

   [ring of fire]

   It enhances your fire magic.
   Int:       It affects your intelligence (+2).
   rF:        It protects you from fire.
   rC:        It makes you vulnerable to cold.
   SInv:      It lets you see invisible.
   Stlth:     It makes you more stealthy.
Wands
 o - a wand of polymorph (4)
   (You found it on level 5 of the Dungeon)
 t - a wand of flame (24)
   (You found it on level 4 of the Dungeon)
 x - a wand of acid (4)
   (You found it on level 11 of the Dungeon)
Scrolls
 e - a scroll of fog
 f - a scroll of enchant armour
 h - a scroll of immolation
 q - a scroll of teleportation
 A - a scroll of identify
Potions
 b - 2 potions of attraction
 g - 3 potions of mutation
 k - a potion of brilliance
 n - a potion of flight
 p - a potion of magic
 z - a potion of might
Miscellaneous
 u - a lightning rod (1/4)
   (You found it on level 11 of the Dungeon)


   Skills:
 + Level 7.4 Fighting
 - Level 1.7 Dodging
 - Level 1.7 Stealth
 - Level 4.0 Shields
 * Level 10.0 Spellcasting
 - Level 3.0 Conjurations
 * Level 7.6 Ice Magic
 + Level 9.7 Air Magic


You had 16 spell levels left.
You knew the following spells:

 Your Spells              Type           Power      Damage    Failure   Level
a - Shock                 Conj/Air       100%       1d9       1%          1
b - Polar Vortex          Ice            28%        N/A       100%        9
c - Airstrike             Air            31%        N/A       1%          4

Your spell library contained the following spells:

 Spells                   Type           Power      Damage    Failure   Level
 Ensorcelled Hibernation  Hex/Ice        72%        N/A       1%          2
 Static Discharge         Conj/Air       51%        N/A       1%          2
 Swiftness                Air            63%        N/A       1%          3
 Hailstorm                Conj/Ice       45%        3d10      4%          4
 Conjure Flame            Conj/Fire      23%        6-21      6%          3
 Ignite Poison            Fire/Tmut/Pois 14%        N/A       11%         3
 Inner Flame              Hex/Fire       14%        N/A       11%         3
 Summon Guardian Golem    Hex/Summ       14%        N/A       11%         3
 Tukima's Dance           Hex            14%        N/A       11%         3
 Sticky Flame             Conj/Fire      23%        2d4       21%         4


Dungeon Overview and Level Annotations

Branches:
Dungeon (11/15)            Temple (0/1) D:5            Lair (0/6) D:8
    Orc: D:9-12

Shops:
D:7 *

Annotations:
D:5 2 transporters, Sassenached's ghost, novice GnWn
D:9 3 runed translucent doors
D:11 Snorg


Innate Abilities, Weirdness & Mutations

Your attributes grow dramatically as you level up.
You have an increased reservoir of magic. (+10% MP)
You shall have no god before yourself.


Message History

There is an open door here.
A yak and Snorg come into view.
Aim: a yak (asleep, empty space bonus: 4/8)
The air twists around and strikes the yak!
The yak bellows!
Snorg shouts!
There is an open door here.
Aim: a yak (moderately wounded, empty space bonus: 5/8)
The air twists around and strikes the yak!
The yak gores you but does no damage.
Aim: a yak (heavily wounded)
The thunderbolt hits Snorg!
The thunderbolt hits the yak!
You hear two shouts!
You hear a shout!
Snorg goes berserk!
You block the yak's attack.
Aim: a yak (almost dead)
The thunderbolt hits Snorg!
The thunderbolt hits the yak!!
You kill the yak!
Aim: Snorg (moderately wounded, berserk, empty space bonus: 5/8)
You miscast Airstrike.
You are very lightly contaminated with residual magic.
Nothing appears to happen.
Snorg bites you!! Snorg closely misses you. Snorg claws you but does no damage.
Snorg bites you! Snorg claws you!
* * * LOW HITPOINT WARNING * * *
You block Snorg's attack.
Aim: Snorg (moderately wounded, berserk)
The thunderbolt hits Snorg!
Snorg bites you.
* * * LOW HITPOINT WARNING * * *
Snorg misses you. You block Snorg's attack.
As you read the scroll of summoning, it crumbles to dust.
Wisps of shadow whirl around you... Snorg bites you!
* * * LOW HITPOINT WARNING * * *
Snorg claws you!
* * * LOW HITPOINT WARNING * * *
Snorg barely misses you. Snorg bites you but does no damage. Snorg claws you.
* * * LOW HITPOINT WARNING * * *
Snorg claws you but does no damage.
Okay, then.
You swap places.
Snorg rages.
Your two-headed ogre closely misses Snorg.
Your two-headed ogre completely misses Snorg.
Your centaur warrior zombie hits Snorg.
Your centaur warrior zombie kicks Snorg.
Snorg misses you. x2; Snorg completely misses you.
It was a potion of might.
You feel very mighty all of a sudden.
Your centaur warrior zombie hits Snorg.
Your centaur warrior zombie kicks Snorg.
Snorg bites you but does no damage. Snorg claws you but does no damage.
Snorg claws you!
You die...

# ..†#.### ##.#..#.##.#
##.#..#.##..# ##....#.##..##
##.#..#.##....# ####
##.#....##..##.#
###..###.#..#.##....###
####...###.#.T..##..##...#
###....####..†OT@###...###.#
#...#### #'#.Z..#.###...###
..### #.###......###...# ###
#...###....#.###.#### #
##.T..###.#..#.#'#..## ##
.#....###.#....#...## .##
##.##.. ###....)..... ..# #
# ###..#..... ..#
####################÷)


You could see Snorg (berserk, ally target), a friendly two-headed ogre
(summoned), a friendly troll (summoned) and a friendly centaur warrior zombie
(summoned).

Vanquished Creatures
  A hydra (D:9)
  2 centaur warriors (D:9)
  Erica (D:9)
  4 two-headed ogres
  A manticore (D:9)
  3 cyclopes
  Maurice (D:11)
  2 gargoyles
  2 komodo dragons
  2 ice devils (D:11)
  2 trolls (D:11)
  A hornet (D:8)
  3 slime creatures
  A tyrant leech (D:9)
  A vampire (D:9)
  2 wraiths
  8 yaks
  A basilisk (D:11)
  2 steam dragons (D:9)
  A vampire mosquito (D:5)
  A harpy simulacrum (D:10)
  A water moccasin (D:7)
  2 acid dragons
  5 orc warriors
  2 ice beasts (D:7)
  4 sky beasts
  2 necrophages
  A hornet zombie (D:5)
  8 centaurs
  An ogre (D:5)
  3 kobold brigands
  3 bullfrogs
  Blork the orc (D:6)
  A wyvern zombie (D:7)
  3 gnoll sergeants
  2 scorpions (D:5)
  A water moccasin zombie (D:5)
  A water moccasin skeleton (D:7)
  3 killer bees (D:6)
  8 wights
  2 howler monkeys
  6 centaur zombies
  2 hounds
  A gnoll shaman (D:3)
  3 orc priests
  2 bullfrog skeletons
  4 iguanas
  9 orc wizards
  2 hound skeletons
  16 gnolls
  3 howler monkey zombies
  10 adders
  A shadow imp (D:7)
  A white imp (D:7)
  An ufetubus (D:6)
  2 dart slugs
  29 orcs
  8 ball pythons
  9 endoplasms
  5 giant cockroaches
  6 goblins
  5 hobgoblins
  6 jackals
  8 quokkas
  7 bats
  2 frilled lizards (D:1)
  19 kobolds
  3 rats (D:1)
266 creatures vanquished.

Vanquished Creatures (collateral kills)
  An ogre (D:6)
1 creature vanquished.

Vanquished Creatures (others)
  12 plants
12 creatures vanquished.

Grand Total: 279 creatures vanquished

Notes
Turn   | Place    | Note
-------+----------+-------------------------------------------
     0 | D:1      | vurker the Demigod Air Elementalist began the quest for the
                  | Orb.
     0 | D:1      | Reached XP level 1. HP: 14/14 MP: 5/5
   155 | D:1      | Reached skill level 1 in Conjurations
   282 | D:1      | Reached skill level 2 in Spellcasting
   524 | D:1      | Reached XP level 2. HP: 22/22 MP: 4/7
  1555 | D:2      | Reached XP level 3. HP: 27/27 MP: 5/9
  1789 | D:2      | Reached skill level 1 in Fighting
  2400 | D:2      | Reached XP level 4. HP: 35/35 MP: 7/10
  3210 | D:3      | Learned a level 4 spell: Airstrike
  3591 | D:4      | Reached skill level 3 in Spellcasting
  3621 | D:4      | Got the Almanac of Glacial Malediction
  3648 | D:4      | Noticed a bullfrog
  3648 | D:4      | Noticed a bullfrog
  3690 | D:3      | Reached XP level 5. HP: 29/41 MP: 4/12
  4163 | D:4      | Reached XP level 6. HP: 29/48 MP: 4/14
  4938 | D:5      | Entered Level 5 of the Dungeon
  5116 | D:4      | Reached skill level 4 in Spellcasting
  5353 | D:5      | Found a transporter.
  5353 | D:5      | Noticed Sassenached's ghost (novice GnWn)
  5361 | D:5      | Reached XP level 7. HP: 56/56 MP: 10/16
  5412 | D:5      | Found a transporter.
  5426 | D:5      | Reached skill level 5 in Air Magic
  6034 | D:5      | Found a staircase to the Ecumenical Temple.
  6362 | D:5      | Reached skill level 5 in Spellcasting
  6667 | D:5      | Reached XP level 8. HP: 64/64 MP: 6/19
  7381 | D:6      | Noticed Blork the orc
  7384 | D:6      | Killed Blork the orc
  7677 | D:5      | Reached skill level 6 in Spellcasting
  8752 | D:7      | Found Deotenk's Overcharged Wands.
  9107 | D:7      | Reached XP level 9. HP: 59/72 MP: 9/22
  9928 | D:7      | Reached skill level 7 in Spellcasting
 10268 | D:7      | Reached skill level 5 in Fighting
 10489 | D:7      | Learned a level 9 spell: Polar Vortex
 10692 | D:8      | Reached skill level 1 in Ice Magic
 10837 | D:8      | Identified the +6 rapier of the Establishment {pain, Str+5}
 10916 | D:8      | Noticed a komodo dragon
 10922 | D:8      | Killed a komodo dragon
 11044 | D:8      | Found a staircase to the Lair.
 12476 | D:9      | Noticed Erica
 12858 | D:9      | Killed Erica
 12859 | D:9      | Reached skill level 1 in Shields
 12859 | D:9      | Reached skill level 8 in Spellcasting
 12859 | D:9      | Reached XP level 10. HP: 65/83 MP: 8/26
 13111 | D:9      | You fall into a shaft and drop 2 floors!
 13118 | D:10     | Entered Level 10 of the Dungeon
 13217 | D:11     | Identified a scroll of acquirement
 13217 | D:11     | Acquired a +2 pair of boots of stealth
 13528 | D:11     | Noticed Maurice
 13538 | D:11     | Killed Maurice
 13809 | D:11     | Found a frozen archway.
 14536 | D:9      | Found a runed translucent door.
 14537 | D:9      | Noticed a white ugly thing
 14643 | D:9      | Found a runed translucent door.
 14643 | D:9      | Noticed a deep elf pyromancer
 14644 | D:9      | Found a runed translucent door.
 14655 | D:9      | Noticed a cyclops
 14833 | D:9      | Reached skill level 5 in Ice Magic
 15048 | D:9      | Identified the ring of Light {*Corrode Fly Int+6 SInv}
 15048 | D:9      | Noticed a centaur warrior
 15057 | D:9      | Killed a centaur warrior
 15371 | D:9      | Noticed a boulder beetle
 15377 | D:9      | a boulder beetle changed into a tyrant leech
 15713 | D:9      | Killed a cyclops
 15727 | D:9      | Noticed a manticore
 15932 | D:9      | Killed a manticore
 15999 | D:9      | Identified the ring of Amompioteug {rElec rF+++ rC- SInv
                  | Stlth+}
 15999 | D:9      | Noticed a centaur warrior
 16003 | D:9      | Killed a centaur warrior
 16004 | D:9      | Reached XP level 11. HP: 40/91 MP: 11/28
 16234 | D:9      | Identified the amulet of Kivyrube {Acrobat rPois Dex+2}
 16241 | D:9      | Identified the ring "Maexidiemp" {Fire Int+2 SInv Stlth+}
 16279 | D:9      | Noticed a four-headed hydra
 16284 | D:9      | Killed a four-headed hydra
 16285 | D:9      | Reached skill level 9 in Spellcasting
 17033 | D:10     | Noticed a two-headed ogre
 17035 | D:10     | Noticed a two-headed ogre
 17039 | D:9      | Killed a two-headed ogre
 17170 | D:9      | Killed a two-headed ogre
 17442 | D:10     | Noticed a two-headed ogre
 17448 | D:10     | Killed a two-headed ogre
 20851 | D:11     | Noticed a two-headed ogre
 20857 | D:11     | Killed a two-headed ogre
 21138 | D:11     | Noticed a boulder beetle
 22406 | D:11     | Reached skill level 10 in Spellcasting
 22720 | D:11     | Noticed Snorg
 22734 | D:11     | Slain by Snorg

Illustrated notes

Levels and vault maps discovered:
D:1:      lightli_arrival_quake, layout_basic, hangedman_decor_clover_reticule,
          minmay_misc_feat_ornament, minivault_25, roderic_serpentine_path,
          minmay_tetromino_t2
D:2:      layout_basic, dreamdust_ecumenical_altar_statues, skrybe_limestone_x
D:3:      layout_rooms, chequers_hall_statues_corner_a, eino_tiny_chamber
D:4:      layout_gridville, ebering_dispersal_statue_hall, minmay_manual_mail
D:5:      cheibrodos_fzero, layout_loops_ring, minmay_temple_entry_poolview,
          gammafunk_ghost_stat_death
D:6:      layout_cave_pools, uniq_blork_the_orc
D:7:      minmay_evil_eye, layout_loops_cross, kennysheep_big_empty_room,
          minmay_misc_feat_enclosed, chequers_serial_rivers_room_b,
          serial_bayou_pond_d, nicolae_shop_overcharged_wands
D:8:      layout_cave_pools, david_lair_shrubbed, minmay_holes
D:9:      minmay_the_grid_triangle_9x9_rhombus_thin_mashed
          [minmay_the_grid_triangle_9x9_sprig,
          minmay_the_grid_triangle_9x9_prize_special,
          minmay_the_grid_triangle_9x9_corrupted_corridor,
          minmay_the_grid_triangle_9x9_fully_insulated_deathbox],
          layout_irregular_city, uniq_erica
D:10:     layout_loops_ring, lemuel_coloured_pillars_altar, serial_rivers,
          chequers_serial_rivers_small_3, chequers_serial_rivers_large_b,
          chequers_serial_rivers_micro_d, chequers_serial_rivers_small_b,
          chequers_serial_rivers_micro_e, chequers_serial_rivers_small_a
D:11:     minmay_razor_zed, layout_cave_pods, gauntlet_entry_generic,
          portal_ice_cave_demonic_guard, uniq_maurice, uniq_snorg

Skill      XL: |  1  2  3  4  5  6  7  8  9 10 11 |
---------------+----------------------------------+-----
Conjurations   | 1 2 3 |  3.0
Spellcasting   | 2 3 4 5 6 8 10 | 10.0
Air Magic      | 3 4 6 7 8 9 |  9.7
Fighting       | 1 2 3 4 5 6 7 |  7.4
Ice Magic      | 3 5 7 |  7.6
Shields        | 1 3 4 |  4.0
Dodging        | |  1.7
Stealth        | |  1.7

Action                   |  1- 3 |  4- 6 |  7- 9 | 10-12 || total
-------------------------+-------+-------+-------+-------++-------
Melee: Unarmed           |    13 |       |       |       ||    13
       Dagger            |     4 |    17 |    15 |     4 ||    40
 Cast: Shock             |   101 |   157 |    90 |    28 ||   376
       Airstrike         |       |     3 |   144 |   228 ||   375
Evoke: Wand              |       |     2 |     1 |    16 ||    19
       Lightning rod     |       |       |       |     3 ||     3
  Use: Potion            |       |     1 |     2 |     1 ||     4
       Scroll            |       |       |    16 |     6 ||    22
Armor: Robe              |     6 |    20 |    30 |    25 ||    81
Dodge: Dodged            |    22 |    44 |    71 |    61 ||   198
Block: Buckler           |       |       |       |    29 ||    29

Table legend: (Time is in decaauts)
 A = Elapsed time spent in this place.
 B = Non-inter-level travel time spent in this place.
 C = Inter-level travel time spent in this place.
 D = Time resting spent in this place.
 E = Time spent auto-exploring this place.
 F = Levels seen in this place.
 G = Mean time per level.
                   A        B        C        D        E       F      G
               +--------+--------+--------+--------+--------+-----+--------+
         Total |  22884 |  22191 |    693 |   2961 |  16613 |  11 | 2080.4 |
       Dungeon |  22884 |  22191 |    693 |   2961 |  16613 |  11 | 2080.4 |
               +--------+--------+--------+--------+--------+-----+--------+

Top non-repeatable levels by time:
    D:10: 4594 daAuts
     D:9: 3231 daAuts
    D:11: 2449 daAuts
     D:5: 2067 daAuts
     D:7: 2049 daAuts
     D:4: 1962 daAuts
     D:8: 1916 daAuts
     D:1: 1382 daAuts
     D:2: 1285 daAuts
     D:6: 1074 daAuts
     D:3: 871 daAuts
